cohdb
Replays
Latest Replays
All Replays
Popular Replays
Top Player Replays
Match Explorer
How It Works
Community
CoH3 Stats
Reddit
Sign in to upload your games and track your stats! →
Sign in with Steam
Match 42540193
Unlisted
Match 42540193
Overview
Messages
Build Orders
End
Scout Squad
Construct Barracks
Selects Heavy Weapons
Riflemen Squad
1⁄4-ton 4x4 Truck
Riflemen Squad
Infantry Support Center
Construct Weapon Support Center
Selects Assault Carriers
M3 Assault Carrier
Construct Medical Station
Selects M2HB .50cal Heavy Machine Gun
Grenade Package
Bazooka Squad
Construct Motor Pool
M24 Chaffee Light Tank
M1919 Machine Gun Team
NCPD_Miracle_01
Trion
0
0
Comments
sign in to comment!
No comments posted yet!